[Event "FIDE CB Open 2022"]
[Site "Ceske Budejovice"]
[Date "2022.07.05"]
[Round "5.20"]
[White "Borkovec, Milan"]
[Black "Simecek, Bohumil"]
[Result "0-1"]
[ECO "C02"]
[WhiteElo "2188"]
[BlackElo "2059"]
[Annotator "TA"]
[PlyCount "52"]
[EventDate "2022.07.01"]
[EventType "swiss"]
[EventCountry "CZE"]
[SourceTitle "playchess.com"]
[Source "ChessBase"]
[SourceQuality "1"]
[TimeControl "40/5400+30:1800+30"]

1. e4 e6 2. d4 d5 3. e5 c5 4. c3 Nc6 5. Nf3 Bd7 6. dxc5 Bxc5 7. Bd3 Nge7 8. O-O {[%emt 0:00:17] The main line 8.0-0 scores better than 8.Bf4.} Ng6 {[%emt 0:08:42] C02: French: Advance Variation.} 9. Qe2 Qb6 10. h4 Qc7 {[%emt 0:04:35][%cal Rc6e5] The position is equal.} 11. Re1 {[%emt 0:01:40] [#]} f5 $146 (11... f6 $1 $11) ({Predecessor:} 11... f6 12. c4 dxc4 13. Bxg6+ hxg6 14. Qxc4 Nxe5 15. Nxe5 fxe5 16. Be3 Rc8 17. Qg4 O-O {1-0 (35) Bodnaruk,A (2434)-Goltseva,E (2253) Moscow 2018}) 12. h5 $16 Nge7 13. b4 Bb6 14. Bg5 (14. h6 $16) 14... a6 (14... h6 $5 15. Bc1 a6 $14) 15. h6 Rg8 16. hxg7 Rxg7 {[%emt 0:00:04] [#]} 17. Bf6 (17. a4 $1 $16) 17... Rg6 (17... Rg4 $11 18. Nh2 Rg6) 18. Nh4 (18. Na3 $16) 18... Rg4 $1 $11 {[%emt 0:01:54] aiming for ...Ng8.} 19. a4 $2 {[%emt 0:01:38][%mdl 8192] This move loses the game for White.} ({White has to play} 19. Nd2 $15) 19... Ng8 $19 20. Nxf5 exf5 21. e6 $2 (21. a5 Ba7 22. b5 axb5 23. Na3 Nxf6 24. Nxb5 Qxe5 25. Qxe5+ Nxe5 26. Rxe5+ Kd8 27. Nxa7 Rxa7 28. f3) 21... Nxf6 22. exd7+ Kf8 {[%emt 0:00:27] [#] White must now prevent ...Qg3.} 23. Qe6 Kg7 {[%emt 0:01:24] ( -> ...Qg3)} 24. Bxf5 Qg3 25. Bxg4 Bxf2+ 26. Kh1 Nxg4 {[%emt 0:01:25] Weighted Error Value: White=1.18/Black=0.27 (precise)} 0-1

[Event "FIDE CB Open 2022"]
[Site "Ceske Budejovice"]
[Date "2022.07.05"]
[Round "5.21"]
[White "Chval, Zdenek"]
[Black "Walek, Petr"]
[Result "0-1"]
[ECO "B35"]
[WhiteElo "2063"]
[BlackElo "2237"]
[Annotator "TA"]
[PlyCount "62"]
[EventDate "2022.07.01"]
[EventType "swiss"]
[EventCountry "CZE"]
[SourceTitle "playchess.com"]
[Source "ChessBase"]
[SourceQuality "1"]
[TimeControl "40/5400+30:1800+30"]

1. e4 c5 2. Nf3 g6 3. d4 cxd4 4. Nxd4 Nc6 5. Nc3 Bg7 6. Be3 Nf6 7. Bc4 O-O 8. f3 Qb6 9. Qd3 $2 {[%emt 0:24:04][%mdl 8192] [#]} (9. Bb3 $11 {and White stays safe.}) 9... Ne5 $19 {[%emt 0:10:59] B35: Sicilian: Accelerated Dragon with 5 Nc3: main line.} 10. Qe2 Qxb2 11. Kd2 Qb4 {[%emt 0:05:39] Black has a decisive advantage.} 12. Bb3 Nc6 ({Not} 12... Bh6 13. Ndb5 Bxe3+ 14. Qxe3 $17) 13. Qb5 {[%emt 0:07:03] [#]} Nxe4+ $146 ({Predecessor:} 13... Qd6 14. e5 Nxe5 15. Rad1 Nc6 16. Ke2 Nxd4+ 17. Bxd4 Qc6 18. Qd3 d6 19. Kf2 Be6 {0-1 (33) Wagner,G (1688)-Reddy,A (1672) Bloemfontein 2016}) 14. fxe4 Bxd4 {[%emt 0:00:08] Dancing on a razor blade.} 15. Qxb4 Bxe3+ 16. Kxe3 Nxb4 17. Nd5 Nc6 18. Rhf1 (18. Ba4 $142) 18... Kg7 19. Ba4 Rb8 20. Rab1 e6 21. Nf6 (21. Bxc6 $142 dxc6 22. Nf6) 21... Rd8 22. Ng4 (22. Bxc6 {is a better defense.} dxc6 23. e5) 22... h5 23. Bxc6 hxg4 ({Worse is} 23... dxc6 24. Ne5 Rf8 25. Nxc6 $17) 24. Rfd1 Kf6 25. Rd2 Ke7 26. Ba4 d6 27. Rbd1 e5 28. Bb3 Be6 29. Rf2 f5 {[%emt 0:03:35] Black is winning.} 30. g3 Rbc8 31. Rdf1 d5 {[%emt 0:01:32] Weighted Error Value: White=0.46/Black=0.14 (very precise)} 0-1

[Event "FIDE CB Open 2022"]
[Site "Ceske Budejovice"]
[Date "2022.07.05"]
[Round "5.22"]
[White "Hlavac, Rudolf"]
[Black "Hiermann, Dietmar"]
[Result "1/2-1/2"]
[ECO "C91"]
[WhiteElo "1931"]
[BlackElo "2224"]
[Annotator "TA"]
[PlyCount "70"]
[EventDate "2022.07.01"]
[EventType "swiss"]
[EventCountry "CZE"]
[SourceTitle "playchess.com"]
[Source "ChessBase"]
[SourceQuality "1"]
[TimeControl "40/5400+30:1800+30"]

1. e4 e5 2. Nf3 Nc6 3. Bb5 a6 4. Ba4 b5 5. Bb3 Bb7 6. c3 Be7 7. O-O Nf6 8. Re1 O-O 9. d4 d6 10. Nbd2 h6 11. Nf1 Re8 12. Ng3 Bf8 13. d5 {[%emt 0:03:19] C91: Closed Ruy Lopez: 7...d6 8 c3 0-0 9 d4.} ({White should try} 13. Bc2 $14) 13... Ne7 14. Nh4 {[%emt 0:01:10] [#]} Bc8 $146 ({Predecessor:} 14... g6 15. a4 Qd7 16. Qf3 Nh7 17. Be3 Bg7 18. Qe2 Rf8 19. Qd2 h5 20. h3 Bf6 {1-0 (52) Lei,T (2528)-Zawadzka,J (2424) Riadh 2017}) 15. h3 {[%emt 0:00:40] White is slightly better.} Ng6 16. Nxg6 fxg6 17. Be3 g5 18. f3 {[%emt 0:07:35] Prevents g4.} Bd7 19. Rc1 Be7 20. Qd2 Rf8 21. c4 Kh7 22. cxb5 axb5 23. Rc2 g6 24. Rec1 Ne8 25. a3 (25. Nh1 $142) 25... Qc8 ({Better is} 25... h5) 26. Kh2 Bd8 27. Rc3 {[%emt 0:01:52] White is more active.} Qb7 28. Bd1 Rf7 29. Be2 Nf6 30. Qc2 b4 31. axb4 Ba4 {[%emt 0:02:05] Against b5} (31... h5 $16 32. Bxg5 Nxd5 33. exd5 Bxg5) 32. Qd2 $18 {[%emt 0:00:47][%cal Ob4b5] [#] b5! is the strong threat.} Be8 {[%emt 0:06:03] Against b5} (32... Bb5 $142 33. Ra3 Bxe2) 33. Rb3 Nd7 (33... Bb5 $142 34. Ra3 Bxe2) 34. Ra3 Rb8 (34... Nf6 {keeps fighting.} 35. b5 Nd7) 35. b5 (35. Ra7 $142 Qxb4 36. Qxb4 Rxb4 37. Ra8) 35... Nb6 {[%emt 0:01:05] Weighted Error Value: White=0.25 (precise) /Black=0.33} 1/2-1/2

[Event "FIDE CB Open 2022"]
[Site "Ceske Budejovice"]
[Date "2022.07.05"]
[Round "5.23"]
[White "Vltavsky, Vladimir"]
[Black "Tsifanskaya, Ludmila A"]
[Result "1-0"]
[ECO "B22"]
[WhiteElo "2106"]
[BlackElo "1941"]
[Annotator "TA"]
[PlyCount "93"]
[EventDate "2022.07.01"]
[EventType "swiss"]
[EventCountry "CZE"]
[SourceTitle "playchess.com"]
[Source "ChessBase"]
[SourceQuality "1"]
[TimeControl "40/5400+30:1800+30"]

1. e4 c5 2. c3 Nf6 3. e5 Nd5 4. d4 cxd4 5. cxd4 Nc6 6. Nf3 g6 7. Bc4 Nb6 8. Bb3 Bg7 9. O-O O-O 10. Qe2 {[%emt 0:01:55] B22: Sicilian: 2 c3.} (10. a4 $5 Na5 11. Ba2 $11) 10... d6 11. h3 {[%emt 0:00:24] Prevents Bg4.} dxe5 12. dxe5 {[%emt 0:02:47] The position is equal.} Nd4 13. Nxd4 Qxd4 14. Re1 Be6 15. Nd2 Bxb3 16. Nxb3 {[%emt 0:00:16] [#]} Qc4 $146 ({Predecessor:} 16... Qd5 17. Bf4 Rfd8 18. Bg5 Nc4 19. Bxe7 Re8 20. Rad1 Qe6 21. Nd4 Qa6 22. b3 Rxe7 23. Qxc4 Qxc4 24. bxc4 Bxe5 {½-½ (28) Yagupov,I (2435)-Dolinskij,B (2210) Moscow 1996}) 17. Bg5 Qxe2 18. Rxe2 Nd5 19. Rd1 e6 20. Na5 h6 21. Bh4 b6 22. Nc6 g5 23. Bg3 Kh7 24. Nd4 Rac8 25. h4 Rc4 26. hxg5 hxg5 27. Nb5 Kg6 28. Nd6 {[%emt 0:00:30] Against Rfc8} Rc6 29. Kf1 Rh8 30. Ke1 {[%emt 0:01:02] [#]} (30. Kg1 $15) 30... Rh1+ (30... Bf8 $1 $19 {and Black stays clearly on top. Threatens to win with ...f5.} 31. f3 f5) 31. Kd2 $17 Rxd1+ 32. Kxd1 Nf4 (32... a6 $17) 33. Bxf4 $15 gxf4 {[%emt 0:00:03][%mdl 4096] Endgame KRB-KRN} 34. Nb5 Rc5 (34... a5 $15) 35. Nxa7 $11 Bxe5 ({Black should play} 35... Rd5+ $11 36. Ke1 Bxe5) 36. b4 $1 $14 Rd5+ 37. Kc2 (37. Rd2 $1 $14) 37... Bd6 $11 38. Nc6 Rh5 (38... Kf5 $11) 39. a4 $16 f3 (39... Rh1 $142) 40. gxf3 Rh3 41. Kb3 Rxf3+ 42. Kc4 Rf4+ $2 {[%emt 0:00:31] [#]} (42... Rf5 $16 {is a better defense.} 43. Rd2 Bf4) 43. Kb5 $18 Kg5 $2 (43... Bc7 44. Ka6 Kf6) 44. Rb2 {[%emt 0:00:25] White is clearly winning.} Bc7 45. Ka6 Rc4 46. Kb7 Bd6 47. Kxb6 {[%emt 0:00:17] Weighted Error Value: White=0.11 (very precise) /Black=0.28 (precise)} 1-0

[Event "FIDE CB Open 2022"]
[Site "Ceske Budejovice"]
[Date "2022.07.05"]
[Round "5.24"]
[White "Sykora, Ondrej"]
[Black "Svanda, Adam"]
[Result "1/2-1/2"]
[ECO "B01"]
[WhiteElo "2099"]
[BlackElo "1918"]
[Annotator "TA"]
[PlyCount "119"]
[EventDate "2022.07.01"]
[EventType "swiss"]
[EventCountry "CZE"]
[SourceTitle "playchess.com"]
[Source "ChessBase"]
[SourceQuality "1"]
[TimeControl "40/5400+30:1800+30"]

1. e4 d5 2. exd5 Qxd5 3. d4 Nf6 4. Nf3 Bg4 5. Be2 e6 6. h3 Bh5 {[%emt 0:00:27] B01: Scandinavian Defence.} 7. O-O Be7 8. c4 Qd6 {[%emt 0:01:50] White is slightly better. is the legacy move (8...Qd8).} 9. Nc3 c6 10. Be3 O-O 11. Qd2 Qc7 12. Rfd1 Rd8 {[%emt 0:02:32] [#]} 13. Qc2 $146 (13. g4 $16 Bg6 14. Bf4) ({Predecessor:} 13. Ne5 Bxe2 14. Qxe2 Nbd7 15. Bf4 Bd6 16. Nxd7 Rxd7 17. Be5 Ne8 18. Rac1 Rad8 19. a3 {0-1 (105) Spoljar,M (2213)-Savic,M (2536) Bizovac 2008}) 13... Nbd7 $11 14. Rac1 Nb6 15. b3 Rac8 16. Qb2 Qb8 (16... Nbd7 $11) 17. a4 (17. g4 $16 Bg6 18. Ne5) 17... Nbd7 18. b4 a6 19. Qb3 e5 20. g4 Bg6 21. d5 c5 22. b5 Qc7 (22... e4 $11 23. Nd2 Qe5) 23. Nh4 $16 Bd6 (23... e4 $16) 24. Nxg6 hxg6 25. Rb1 Rb8 (25... Ne8 $16 {keeps fighting.} 26. Bg5 f6) 26. b6 $18 Qc8 27. g5 Ne8 28. Bg4 f5 $2 (28... Bf8 29. Bd2 Nd6) 29. gxf6 $1 gxf6 (29... Nexf6 $142 30. Be6+ Kh7) 30. Be6+ Kh7 31. Qc2 Ng7 32. Qe4 {[%emt 0:01:24] Black must now prevent Qh4+.} (32. Bf7 Nf8 33. Qe4 (33. Ne4 Nf5 $17) 33... Nf5 $17) 32... Nxe6 33. Qh4+ Kg8 34. dxe6 Nf8 35. Qxf6 (35. Nd5 $18 {and White stays clearly on top.} Qxe6 36. Nxf6+ Kf7 37. Ne4) 35... Qxe6 $16 36. Ne4 {[%emt 0:00:07] White is much more active.} (36. Bg5 $16 {Ne4 is the strong threat.} Qxh3 37. Rxd6 Qg4+ 38. Kf1 Rxd6 39. Qxd6 Qh3+ 40. Ke2 Qxc3 41. Rc1 (41. Qxb8 Qc2+ 42. Bd2 Qxc4+ 43. Kd1 Qxa4+ 44. Kc1 Qc4+ 45. Kd1 Qa4+ 46. Kc1 Qc4+ 47. Kd1 Qa4+ $11) 41... Qb2+ 42. Kf1) 36... Be7 $1 $14 37. Qxe6+ ({Don't play} 37. Rxd8 Rxd8 38. Qf3 Qxc4 $11) 37... Nxe6 38. Rd5 Nd4 39. Bxd4 (39. Kg2 $14) 39... exd4 $11 40. Re5 Rd7 (40... Kf7 $11 {remains equal.}) 41. Nxc5 $16 Bxc5 42. Rxc5 {[%emt 0:00:02][%mdl 4096] Endgame KRR-KRR} d3 43. Rd1 Rbd8 44. Rd2 Kf7 45. Kg2 Kf6 46. Kf3 Rd6 (46... Rh7 $14) 47. a5 {[%emt 0:00:00] Strongly threatening Rc7.} R6d7 48. Kf4 Ke6 (48... Rh7 $14) 49. Ke4 Rd4+ 50. Kf3 (50. Ke3 $18 {is the precise move to win.}) 50... R4d7 (50... Rh8 $142) 51. Kg4 (51. h4 $16) 51... Kf6 52. f4 (52. f3 $16) 52... Kf7 (52... Re7 $1 $11) 53. Kg5 (53. Kf3 $142) 53... Kg7 {[%emt 0:00:00] [#]} (53... Rd4 $16 {might work better.}) 54. h4 $1 $18 Rf8 (54... Rh8 $142 55. Rc7 Rh5+ 56. Kg4 Rxc7 57. bxc7 Rc5) 55. Kg4 $2 (55. h5 $18 {is more deadly.} gxh5 56. Rd5) 55... Rd4 $16 {[%emt 0:00:00] [#]} 56. Kg5 $2 ({Much less strong is} 56. Rc7+ Rf7 $16) ({White should try} 56. Kg3 $1 $16) 56... Rfxf4 $11 57. Rc7+ Kf8 {[%emt 0:00:00] The position is equal.} 58. Rxd3 Rg4+ 59. Kf6 {[%emt 0:00:04] Threatening mate with Rc8+.} Rgf4+ 60. Kg5 {[%emt 0:00:07] Weighted Error Value: White=0.34/Black=0.37} 1/2-1/2

[Event "FIDE CB Open 2022"]
[Site "Ceske Budejovice"]
[Date "2022.07.05"]
[Round "5.25"]
[White "Laith, Kasib"]
[Black "Zeleny, Tomas"]
[Result "1-0"]
[ECO "A05"]
[WhiteElo "2079"]
[BlackElo "2136"]
[Annotator "TA"]
[PlyCount "79"]
[EventDate "2022.07.01"]
[EventType "swiss"]
[EventCountry "CZE"]
[SourceTitle "playchess.com"]
[Source "ChessBase"]
[SourceQuality "1"]
[TimeControl "40/5400+30:1800+30"]

1. e4 c5 2. Nf3 d6 3. g3 Nf6 4. d3 g6 5. Bg2 Bg7 6. O-O Nc6 7. Re1 O-O 8. c3 Rb8 9. a4 a6 10. h3 b5 {[%emt 0:00:39] A05: Réti Opening: 1 Nf3 Nf6.} 11. axb5 axb5 12. d4 Nd7 {[%emt 0:02:11] The position is equal.} 13. Be3 Bb7 14. Nbd2 b4 {[%emt 0:01:04] [#]} 15. Rc1 $146 ({Predecessor:} 15. d5 Nce5 16. Nxe5 Nxe5 17. Qe2 bxc3 18. bxc3 Nd7 19. Rec1 Ra8 20. Qc4 Qc7 21. Rab1 {1-0 (36) Sameer,L (2180)-Blohberger,F (2503) Chess.com INT 2022}) 15... bxc3 16. bxc3 cxd4 (16... Ba6 $11 {deserves consideration.}) 17. cxd4 $14 Nb4 18. Bf1 {[%emt 0:05:23] Against Nd3} Nf6 19. d5 Nd7 20. Qa4 {[%emt 0:01:00] White is more active.} Na6 21. Bxa6 Ra8 22. Rb1 Bxa6 23. Qc6 Ne5 24. Nxe5 Bxe5 25. Nf3 Bg7 26. Bd4 Bh6 (26... Qc8 $11) 27. Rb6 (27. e5 $1 $14 {should be considered.}) 27... Qc8 $11 28. Ra1 Bd3 {[%emt 0:01:22] Hoping for ...Rxa1+.} 29. Rxa8 Qxa8 30. e5 Be4 {[%emt 0:03:43] A strong pair of Bishops.} 31. exd6 exd6 {[%emt 0:03:20][%mdl 8192] [#]} (31... Bxd5 $11 32. Qxa8 Rxa8) 32. Qxd6 $1 $18 {[%emt 0:00:27] Qf6 would kill now.} f5 {[%emt 0:04:10] [#]} (32... Bg7 33. Bxg7) 33. Qe6+ (33. Qe5 $142 $1 Qc8 (33... Qxd5 34. Qh8+) 34. Re6 $1 Bxd5 35. Re7 $1 Qc1+ 36. Kh2 Qh1+ 37. Kxh1 Rf6 38. Qxd5+ Kh8 39. Bxf6+ Bg7 40. Bxg7#) 33... Rf7 {[%emt 0:00:07] [#]} 34. Qe5 $1 Rf8 {[%emt 0:00:59] [#]} (34... Bg7 35. Rb8+) 35. Qe6+ (35. Ng5 $142 $1 Rf6 36. Qxf6 Qa1+ 37. Bxa1 Bxg5 38. Qg7#) 35... Rf7 {[%emt 0:00:05] [#]} 36. Qe5 $40 {[%emt 0:00:05][%mdl 128] White mounts an attack.} Rf8 $1 37. Qh8+ {[%emt 0:01:14] White mates.} Kf7 38. Qxh7+ Ke8 39. Re6+ Kd8 40. Bb6+ {[%emt 0:00:09] Weighted Error Value: White=0.67/Black=0.67} 1-0

[Event "FIDE CB Open 2022"]
[Site "Ceske Budejovice"]
[Date "2022.07.05"]
[Round "5.26"]
[White "Hradek, Matyas"]
[Black "Kovalskyi, Roman"]
[Result "0-1"]
[ECO "B36"]
[WhiteElo "1888"]
[BlackElo "2056"]
[Annotator "TA"]
[PlyCount "100"]
[EventDate "2022.07.01"]
[EventType "swiss"]
[EventCountry "CZE"]
[SourceTitle "playchess.com"]
[Source "ChessBase"]
[SourceQuality "1"]
[TimeControl "40/5400+30:1800+30"]

1. e4 c5 2. Nf3 g6 3. c4 Nc6 4. d4 cxd4 5. Nxd4 Nf6 6. Nc3 d6 7. Be2 Nxd4 8. Qxd4 Bg7 9. Be3 O-O 10. Qd2 a5 {[%emt 0:00:06] B36: Sicilian: Maroczy Bind: Gurgenidze System.} 11. O-O a4 12. Rfc1 {[%emt 0:00:15] Recently 12.Bd4 got a lot of attention.} Qa5 {[%emt 0:00:06] White is slightly better.} 13. Rab1 Be6 14. b4 axb3 $1 15. axb3 Qb4 16. Qc2 Rfc8 17. Bd2 {[%emt 0:03:08] [#] Nd5 is the strong threat.} Qb6 18. Be3 Qb4 {[%emt 0:03:40] [#]} 19. Bd2 $146 ({Predecessor:} 19. Bf4 Bg4 20. Bd3 Bd7 21. h3 Bc6 22. Kh2 Nh5 23. Ne2 Ra3 24. Bd2 Qb6 25. b4 Ba4 26. c5 Bxc2 {0-1 (26) Dragomirescu,R (2423)-Codenotti,M (2175) Porto Carras 2010}) 19... Qb6 20. Be3 Qd8 21. Bf3 Nd7 22. Qd2 Be5 23. Bd4 Bxd4 24. Qxd4 Ne5 25. Be2 Nc6 26. Qe3 Nb4 27. Na4 {[%emt 0:06:29] Threatens to win with Nb6.} Ra5 28. Qd2 Na6 29. Nc3 Nb4 30. Na4 Nc6 31. Nc3 Raa8 32. f4 Qb6+ 33. Kh1 Qd4 34. Qe1 ({White should play} 34. Qb2 $14) 34... Qe3 $15 35. Qf1 f6 36. f5 Bf7 37. fxg6 hxg6 ({Much weaker is} 37... Bxg6 38. Nd5 Qxe4 39. Nb6 $14) 38. Nd5 Bxd5 ({Much less strong is} 38... Qxe4 39. Bf3 Qf5 40. Nb6 $16) 39. exd5 Ne5 40. Re1 Qd4 {[%emt 0:01:58] Inhibits Bg4. Black is much more active.} 41. Red1 Qe3 42. Re1 $1 Qd2 43. Red1 Qb4 44. Qf4 Kg7 {[%emt 0:01:15] Inhibits Qh6+.} 45. Rd4 Ra2 46. Qe3 Rh8 47. Rc1 Qc5 {[%emt 0:02:18][%cal Oa2e2] And now ...Rxe2! would win.} 48. b4 $2 {[%emt 0:00:00][%mdl 8192] [#]} (48. Re4 $17) 48... Rxe2 $1 $19 49. Qxe2 (49. bxc5 Rxe3) 49... Qxd4 50. c5 Qf4 {[%emt 0:00:49] Weighted Error Value: White=0.48/Black=0.08 (flawless)} 0-1

[Event "FIDE CB Open 2022"]
[Site "Ceske Budejovice"]
[Date "2022.07.05"]
[Round "5.27"]
[White "Blumel, Otto"]
[Black "Mrazik, Tomas"]
[Result "1/2-1/2"]
[ECO "B13"]
[WhiteElo "1855"]
[BlackElo "2055"]
[Annotator "TA"]
[PlyCount "65"]
[EventDate "2022.07.01"]
[EventType "swiss"]
[EventCountry "CZE"]
[SourceTitle "playchess.com"]
[Source "ChessBase"]
[SourceQuality "1"]
[TimeControl "40/5400+30:1800+30"]

1. e4 c6 2. d4 d5 3. exd5 cxd5 4. c3 Nc6 5. Nf3 Qc7 6. Na3 {[%emt 0:00:55] Black must now prevent Nb5. B13: Caro-Kann: Exchange Variation and Panov-Botvinnik Attack.} Bg4 7. Nb5 {[%emt 0:00:53] [#]} Qb6 $146 ({Predecessor:} 7... Qb8 8. Be2 a6 9. Na3 e6 10. Nc2 Bd6 11. h3 Bh5 12. Be3 Nf6 13. Nd2 Bg6 {0-1 (24) Kelbl,J (1200)-Raiteri,E (1000) SEMI email 2005}) 8. Qb3 Rc8 (8... Bxf3 $11 9. gxf3 e6) 9. Ne5 $16 Be6 (9... Nxe5 $2 10. dxe5 Be6 11. Be3 $16) 10. Be3 Nf6 11. Nd3 (11. Bf4 $16) 11... Nd7 (11... Na5 $1 $11 12. Qa4 Bd7) 12. Nc5 Nxc5 (12... Na5 $14 13. Qa4 Bf5) 13. dxc5 Qd8 {[%emt 0:01:07][%cal Od5d4] Hoping for ...d4!} 14. O-O-O a6 15. Nd4 {[%emt 0:02:39] White is more active.} Nxd4 16. Bxd4 (16. cxd4 $6 Qd7 $11) 16... Qc7 {[%emt 0:01:01] [#]} 17. Kb1 (17. Be2 $142 $1) 17... Bf5+ 18. Ka1 e6 19. c4 ({White should play} 19. Qa4+ $14 Qd7 20. Qxd7+ Kxd7 21. b4) 19... Bxc5 $15 (19... e5 20. Re1 f6 21. f4 Bxc5 {[#]} 22. Bxe5 $1 fxe5 23. Rxe5+ Be7 24. Rxf5 dxc4 25. Qa4+ Qc6 26. Qxc6+ Rxc6 27. Kb1 $11) 20. Bxg7 Rg8 21. Bc3 dxc4 ({Much less strong is} 21... Bxf2 22. cxd5 Rd8 23. Be2 $16) 22. Bxc4 Rxg2 23. Bf6 $2 (23. Bd3 $15 Bxd3 24. Rxd3) 23... Rg6 (23... Rxf2 $19 24. Rhg1 Bg6) 24. Bh4 $17 b5 (24... e5 $17 {aiming for ...Bd4.} 25. Rc1 (25. Bd3 Bxd3 26. Qxd3 Bd4 $17) 25... Kf8) 25. Be2 (25. Bd3 $15) 25... Be7 26. Bg3 Qc2 $36 {[%emt 0:00:57][%mdl 2048] Keeping White busy.} 27. Qe3 {[%emt 0:01:55] Rc1 is the strong threat.} Qe4 (27... Bf6 $19 28. Be5 Qe4) 28. Qa7 $1 $15 {[%emt 0:01:27] Strongly threatening Qd7+.} Ra8 ({Don't take} 28... e5 29. Bd3 Qf3 30. Bxf5 Qxf5 31. Bxe5 $14) (28... Kf8 $5 29. Qxa6 e5 30. Qxb5 Rd6 $11) 29. Qc7 Rd8 {[%emt 0:01:51] Against Bd3} (29... Qxe2 $2 30. Qc6+ Kf8 31. Qxa8+ Kg7 32. Rhe1 $16) (29... Qc2 $5 ) 30. Bh5 Bg4 31. Bxg6 {[%emt 0:04:47] The board is on fire.} hxg6 32. Rxd8+ Bxd8 {[%emt 0:00:00] A strong pair of Bishops.} 33. Qc1 {[%emt 0:00:12] Weighted Error Value: White=0.40/Black=0.34} 1/2-1/2

[Event "FIDE CB Open 2022"]
[Site "Ceske Budejovice"]
[Date "2022.07.05"]
[Round "5.28"]
[White "Sudrich, Radek"]
[Black "Vaculik, Martin"]
[Result "1/2-1/2"]
[ECO "D71"]
[WhiteElo "2049"]
[BlackElo "2284"]
[Annotator "TA"]
[PlyCount "53"]
[EventDate "2022.07.01"]
[EventType "swiss"]
[EventCountry "CZE"]
[SourceTitle "playchess.com"]
[Source "ChessBase"]
[SourceQuality "1"]
[TimeControl "40/5400+30:1800+30"]

1. d4 Nf6 2. c4 g6 3. g3 Bg7 4. Bg2 O-O 5. e3 c6 6. Ne2 d5 7. cxd5 cxd5 8. O-O Nc6 9. Nbc3 e6 {[%emt 0:00:23] D71: Fianchetto Grünfeld: 3 g3 d5 sidelines and 5 cxd5 (without Nf3).} 10. a3 Bd7 11. b4 Rc8 {[%emt 0:02:48] [#]} 12. Bb2 $146 ({Predecessor:} 12. Qb3 Qe7 13. Bb2 Rfd8 14. Rae1 h5 15. e4 Nxe4 16. Nxe4 dxe4 17. Bxe4 Qf8 18. Rd1 {0-1 (29) Ramis Sebastia,J (1582)-Guzman Otero,J (1962) Campos 2016}) 12... b6 13. Qd3 Qe7 14. Rac1 Ne8 15. Nb1 Nd6 16. Rfd1 Nb8 17. Rxc8 Rxc8 18. Rc1 Nc4 19. Qb3 Nc6 20. Bc3 Nd8 21. Nd2 Nb7 22. Nxc4 Rxc4 23. Bb2 Nd6 24. Nc3 {[%emt 0:04:44] The position is equal.} Rc8 25. b5 Nc4 26. a4 Bf8 27. Na2 {[%emt 0:06:58] Weighted Error Value: White=0.07 (flawless) /Black=0.07 (flawless)} 1/2-1/2

[Event "FIDE CB Open 2022"]
[Site "Ceske Budejovice"]
[Date "2022.07.05"]
[Round "5.29"]
[White "Hurtik, Matej"]
[Black "Simunek, Jakub Simon"]
[Result "0-1"]
[ECO "C08"]
[WhiteElo "2018"]
[BlackElo "1887"]
[Annotator "TA"]
[PlyCount "55"]
[EventDate "2022.07.01"]
[EventType "swiss"]
[EventCountry "CZE"]
[SourceTitle "playchess.com"]
[Source "ChessBase"]
[SourceQuality "1"]
[TimeControl "40/5400+30:1800+30"]

1. e4 e6 2. d4 d5 3. Nd2 a6 4. Ngf3 c5 5. exd5 exd5 6. Be2 Nf6 7. O-O Be7 8. dxc5 Bxc5 9. Nb3 Bb6 10. Bg5 O-O 11. Nbd4 Nc6 12. c3 {[%emt 0:04:18] C08: French Tarrasch: 3...c5 4 exd5 exd5 sidelines.} Qd6 13. Bh4 Ne4 14. Bg3 {[%emt 0:19:37] The position is equal.} Nxg3 15. hxg3 Bg4 {[%emt 0:09:12] [#]} 16. Qd3 $146 ({Predecessor:} 16. Re1 Rad8 17. Qd2 Bxf3 18. Bxf3 Nxd4 19. cxd4 Rfe8 20. Rac1 g6 21. Red1 Rc8 22. Rxc8 Rxc8 {½-½ (78) He,A (2337)-Svane,F (2421) Tornelo INT 2020}) 16... Nxd4 17. Nxd4 Bxd4 18. Bxg4 Bb6 19. Bf5 g6 20. Be4 Rad8 21. Rad1 d4 $1 22. Qf3 Qc5 23. Bxb7 dxc3 24. Rc1 (24. bxc3 $14 Ba5 25. Bxa6) 24... Rd2 $36 {[%emt 0:10:39][%mdl 2048] [#] And now ...c2 would win. Black fights for an advantage.} 25. Rxc3 Qe5 ({Black should play} 25... Qa5 $11) 26. Rcc1 (26. Bxa6 $14 Rxb2 27. Rc6) 26... Qxb2 {[%emt 0:01:43][%cal Od2f2] Threatens to win with ...Rxf2!} 27. Rce1 (27. Rc6 $11 {keeps the balance.}) 27... Qxa2 $17 {[%emt 0:01:11] Black is more active.} 28. Bd5 $2 {[%emt 0:00:16][%mdl 8192] Weighted Error Value: White=0.33/Black=0.13 (very precise)} 0-1